 Dungeon Crawl Stone Soup version 0.27-a0-1181-g5f64966fcc (webtiles) character file.

Game seed: 14213022442252551549

1855 HoaS the Cruncher (level 9, -1/48 HPs)
             Began as a Gargoyle Gladiator on May 17, 2021.
             Was a Believer of Okawaru.
             Slain by an ogre
             ... wielding a +0 giant club
              (19 damage)
             ... on level 6 of the Dungeon.
             The game lasted 00:14:46 (5260 turns).

HoaS the Cruncher (Gargoyle Gladiator)              Turns: 5260, Time: 00:14:46

Health: -1/48      AC: 18    Str: 20    XL:     9   Next: 12%
Magic:  11/11      EV:  6    Int: 10    God:    Okawaru [**....]
Gold:   253        SH:  0    Dex: 17    Spells: 8/8 levels left

rFire    . . .     SeeInvis .   w - +1 quarterstaff
rCold    . . .     Faith    .   (shield currently unavailable)
rNeg     + . .     Spirit   .   r - +0 plate armour
rPois    ∞         Reflect  .   c - +0 helmet
rElec    +         Harm     .   (no cloak)
rCorr    +         Rampage  .   f - +0 pair of gloves
Will     .....                  (no boots)
Stlth    ..........             (no amulet)
HPRegen  0.16/turn              m - ring of resist corrosion
MPRegen  0.12/turn              a - +6 ring of dexterity

@: no status effects
A: sickness immunity, AC +6, negative energy resistance 1, electricity
resistance, torment resistance 1, petrification resistance
a: Renounce Religion, Heroism


You were on level 6 of the Dungeon.
You worshipped Okawaru.
Okawaru was pleased with you.
You visited 1 branch of the dungeon, and saw 6 of its levels.

You collected 281 gold pieces.
You spent 28 gold pieces at shops.

Inventory:

Hand Weapons
 q - a +0 shortbow
 w - a +1 quarterstaff (weapon)
Missiles
 b - 106 arrows
 d - a throwing net (quivered)
Armour
 c - a +0 helmet (worn)
 f - a +0 pair of gloves (worn)
 r - a +0 plate armour (worn)
Jewellery
 a - a +6 ring of dexterity (right hand)
 m - a ring of resist corrosion (left hand)
Wands
 g - a wand of flame (10)
 l - a wand of paralysis (7)
 n - a wand of acid (5)
Scrolls
 p - 2 scrolls of teleportation
Potions
 h - 2 potions of haste
 i - a potion of heal wounds {unknown}
 j - 3 potions of curing
 k - a potion of berserk rage {unknown}
 o - a potion of lignification {unknown}


   Skills:
 - Level 2.1 Fighting
 + Level 10.9 Staves
 + Level 10.2 Bows
 - Level 1.7 Throwing
 - Level 2.4 Dodging
 - Level 3.0 Invocations


You had 8 spell levels left.
You didn't know any spells.
Your spell library contained the following spells:

 Spells                   Type           Power      Damage    Failure   Level
 Animate Skeleton         Necr           0%         N/A       100%        1
 Apportation              Tloc           0%         N/A       100%        1
 Corona                   Hex            0%         N/A       100%        1
 Magic Dart               Conj           0%         1d3       100%        1
 Summon Small Mammal      Summ           0%         N/A       100%        1
 Searing Ray              Conj           0%         3d3       100%        2
 Dazzling Flash           Conj/Hex       0%         N/A       100%        3
 Fulminant Prism          Conj/Hex       0%         3d6       100%        4
 Iskenderun's Mystic Bla  Conj/Tloc      0%         2d3       100%        4


Dungeon Overview and Level Annotations

Branches:
Dungeon (6/15)
 Temple: D:4-7

Altars:
Okawaru

Shops:
D:4 *

Annotations:
D:5 2 runed translucent doors, PanSaczeczos's ghost, novice GrNe


Innate Abilities, Weirdness & Mutations

You are immune to sickness and miasma.
Your stone body is resilient. (AC +6)
You are immune to poison.
You resist negative energy. (rN+)
You are resistant to electric shocks. (rElec)
You are resistant to unholy torment.
You are immune to petrification.


Message History

The scorpion stings you.
You sock the scorpion!
You kill the scorpion!
Okawaru accepts your kill.
You start resting.
HP restored.
You climb downwards.
There is a stone staircase leading up here.
The orc warrior shouts!
Found a stone staircase leading down.
An ogre comes into view. It is wielding a +0 giant club.
The ogre shouts!
You hear a shout!
An orc comes into view. It is wielding a +0 mace.
There is a stone staircase leading down here.
The white imp shouts, "Take thy face hence, thou puking toad-spotted snake-molt!"
You hit the ogre.
The ogre is lightly wounded.
You barely miss the ogre.
The ogre is lightly wounded.
The ogre hits you with a +0 giant club!
You hit the ogre.
The ogre is moderately wounded.
Your plate armour prevents you from hitting the ogre.
The ogre is moderately wounded.
The ogre hits you with a +0 giant club!
You completely miss the ogre.
The ogre is moderately wounded.
The ogre hits you but does no damage.
You hit the ogre.
The ogre is moderately wounded.
You sock the ogre!
The ogre is severely wounded.
The ogre hits you with a +0 giant club!
You hit the ogre.
The ogre is severely wounded.
You hit the ogre.
The ogre is almost dead.
The white imp spits at you.
The ogre hits you with a +0 giant club!!
You die...

#.........# . #. .# ..
###......#..#.o. .###.# #)#
.o. ...........##..###...
.##..#.. ...........#5 .^5^.
#...o .........#.♣ ###.3x
#..# ......<....###.♣♣x#♣##
#♣..#
................###..###...#
......:..#.................#
.......†.###....@Oo..>....##
.........# ##...##.......##
.........# ######.......#
....###### #.......# ####
#.......# #.......#
#.......# #########


You could see a sixfirhy, an ogre, 2 small abominations, a white imp and an orc.

Vanquished Creatures
  A water moccasin (D:5)
  Duvessa (D:5)
  A black bear (D:5)
  An orc warrior (D:4)
  A centaur (D:5)
  A phantom (D:4)
  2 scorpions (D:5)
  Dowan (D:5)
  A water moccasin skeleton (D:5)
  A howler monkey (D:6)
  A jelly (D:5)
  An orc priest (D:4)
  A bullfrog zombie (D:5)
  An iguana (D:5)
  An orc wizard (D:4)
  A hound zombie (D:5)
  A hound skeleton (D:4)
  4 adders
  A howler monkey skeleton (D:5)
  A white imp (D:6)
  An ufetubus (D:2)
  An adder skeleton (D:4)
  A dart slug (D:2)
  9 orcs
  4 endoplasms
  2 giant cockroaches
  7 goblins
  6 hobgoblins
  6 jackals
  2 quokkas
  8 ball pythons
  5 bats
  5 frilled lizards
  7 kobolds
  4 rats
92 creatures vanquished.

Notes
Turn   | Place    | Note
-------+----------+-------------------------------------------
     0 | D:1      | HoaS the Gargoyle Gladiator began the quest for the Orb.
     0 | D:1      | Reached XP level 1. HP: 12/12 MP: 1/1
   362 | D:1      | Found a faded altar of an unknown god.
   380 | D:1      | Reached XP level 2. HP: 13/17 MP: 2/2
   988 | D:2      | Reached XP level 3. HP: 12/21 MP: 3/3
  2024 | D:3      | Reached XP level 4. HP: 26/26 MP: 4/4
  2348 | D:3      | Reached skill level 5 in Staves
  2854 | D:4      | Found an iron altar of Okawaru.
  2862 | D:4      | Became a worshipper of Warmaster Okawaru
  3099 | D:4      | Noticed an orc warrior
  3117 | D:4      | Killed an orc warrior
  3118 | D:4      | Reached skill level 1 in Invocations
  3118 | D:4      | Reached XP level 5. HP: 30/30 MP: 4/6
  3132 | D:4      | Noticed a phantom
  3143 | D:4      | Killed a phantom
  3143 | D:4      | Reached * piety under Okawaru
  3144 | D:4      | Reached XP level 6. HP: 20/35 MP: 5/7
  3798 | D:4      | Found Otrid's General Store.
  3806 | D:4      | Bought a scroll of identify for 28 gold pieces
  4104 | D:5      | Entered Level 5 of the Dungeon
  4115 | D:5      | Noticed Duvessa
  4117 | D:5      | Noticed Dowan
  4129 | D:5      | Killed Duvessa
  4130 | D:5      | Reached XP level 7. HP: 23/40 MP: 9/9
  4141 | D:5      | Killed Dowan
  4322 | D:5      | Found a large runed translucent door.
  4322 | D:5      | Found a large runed translucent door.
  4326 | D:5      | Noticed PanSaczeczos's ghost (novice GrNe)
  4616 | D:5      | Reached ** piety under Okawaru
  4617 | D:5      | Reached skill level 1 in Bows
  4679 | D:5      | Reached skill level 10 in Staves
  4679 | D:5      | Reached skill level 10 in Bows
  4679 | D:5      | Reached XP level 8. HP: 44/44 MP: 10/10
  4979 | D:5      | Reached XP level 9. HP: 48/48 MP: 11/11
  5080 | D:6      | Noticed a sixfirhy
  5260 | D:6      | Slain by an ogre

Illustrated notes

Levels and vault maps discovered:
D:1:      mainiacjoe_arrival_reflecting_pool, layout_rooms,
          hellmonk_ecumenical_altar_crossroads, minmay_misc_feat_alley
D:2:      minmay_chambers_of_ones, layout_loops_ring
D:3:      layout_loops_ring
D:4:      layout_basic, okawaru_gym_becter, serial_shops, shop,
          guppyfry_early_orc_mine
D:5:      layout_loops_ring, ebering_ghost_disaster_area, serial_bayou_pond_a,
          corexii_corridor_pit, uniq_duvessa
D:6:      layout_rooms, serial_shops, shop, gammafunk_ghost_abyssal_escape,
          hex_tiny

Skill      XL: |  1  2  3  4  5  6  7 |
---------------+----------------------+-----
Staves         | 4 5 6 7 10 | 10.9
Invocations    | 1 2 3 |  3.0
Bows           | 10 | 10.2
Fighting       | |  2.1
Throwing       | |  1.7
Dodging        | |  2.4

Action                   |  1- 3 |  4- 6 |  7- 9 || total
-------------------------+-------+-------+-------++-------
Melee: Quarterstaff      |   114 |   106 |   120 ||   340
Throw: Throwing net      |       |     4 |       ||     4
Evoke: Wand              |       |     5 |       ||     5
  Use: Scroll            |     4 |     3 |     2 ||     9
       Potion            |       |     1 |     1 ||     2
 Stab: Held in net/web   |       |     1 |       ||     1
Armor: Leather armour    |    16 |       |       ||    16
       Ring mail         |    42 |     5 |       ||    47
       Chain mail        |       |    37 |       ||    37
       Plate armour      |       |    17 |    80 ||    97
Dodge: Dodged            |    90 |    29 |    43 ||   162

Table legend: (Time is in decaauts)
 A = Elapsed time spent in this place.
 B = Non-inter-level travel time spent in this place.
 C = Inter-level travel time spent in this place.
 D = Time resting spent in this place.
 E = Time spent auto-exploring this place.
 F = Levels seen in this place.
 G = Mean time per level.
                   A        B        C        D        E       F      G
               +--------+--------+--------+--------+--------+-----+--------+
         Total |   5244 |   4994 |    250 |   1307 |   2912 |   6 |  874.0 |
       Dungeon |   5244 |   4994 |    250 |   1307 |   2912 |   6 |  874.0 |
               +--------+--------+--------+--------+--------+-----+--------+

Top non-repeatable levels by time:
     D:4: 1372 daAuts
     D:5: 1083 daAuts
     D:2: 1031 daAuts
     D:3: 875 daAuts
     D:1: 824 daAuts
     D:6: 55 daAuts
